AoeStats
← Orca17

Arabia

503481439Analyzed
1v1 RM · 1mo ago on Aug 31, 2026· 35m 32s· 2 players
Game mode
Random Map
Map size
Tiny (2 player)
Population
200
Speed
Normal
Resources
Standard
Victory
Conquest
Starting age
Dark Age
Ending age
Imperial Age
RankedLock teamsTeams togetherTeam positionsShared explorationLock speedFull tech treeHidden civsTurbo modeCheats
Victory
Defeat
🇧🇷 Teutons · Brazil
2329
+14
🇩🇪 Maya · Germany
2279
-14
Orca17
0:29 Loom
9:31 Feudal Age
10:27 Double-Bit Axe
18:15 Castle Age
16:47 Scale Mail Armor
17:48 Fletching
18:56 Bodkin Arrow
18:52 Crossbowman
23:26 Ballistics
23:16 Eagle Warrior
32:09 Town Watch
xana
6:08 Loom
8:46 Feudal Age
10:00 Double-Bit Axe
19:10 Castle Age
17:49 Padded Archer Armor
18:12 Fletching
19:16 Elite Skirmisher
19:52 Bodkin Arrow
21:21 Scale Barding Armor
22:09 Ballistics
25:03 Horse Collar
25:50 Bow Saw
28:18 Leather Archer Armor
29:14 Chain Barding Armor
32:47 Forging
Connection lost

Rejoining the realm…

Still unreachable

The connection could not be restored.

Session expired

The server has moved on; the page needs a fresh start.